Map: Cerulean Fall LE

Players

DEIV - Winner!

  • Race: Protoss Protoss
  • League: Platinum
  • Spawn Location: 1:00

Swatopluke

  • Race: Protoss Protoss
  • League: Platinum
  • Spawn Location: 7:00

VOD

Have the link to the VOD?

Description

Time

  • Played on: Nov. 14, 2018, 10:12 a.m.
  • Length: 3:55
Show
View Real Time Build Order
Export as new Build Order

DEIV Protoss - Winner!

Build Orders:  

Get SALT Encoding   

  12  0:07  Probe  
  13  0:30  Pylon  
  13  0:48  Gateway  
  13  0:50  Gateway  
  13  0:56  Gateway  
  13  1:16  Pylon  
  13  1:34  Zealot  
  13  1:37  Zealot  
  13  1:42  Pylon, Zealot  
  19  2:00  Zealot  
  19  2:04  Zealot  
  23  2:19  Zealot  
  25  2:27  Zealot  
  25  2:44  Zealot  
  25  2:46  Zealot  
  29  2:54  Zealot  
  31  3:11  Zealot  
  29  3:21  Zealot x2  
  39  3:50  Pylon  
Show
View Real Time Build Order
Export as new Build Order

Swatopluke Protoss 

Build Orders:  

Get SALT Encoding   

  12  0:01  Probe  
  13  0:13  Probe  
  14  0:18  Pylon  
  14  0:25  Probe  
  15  0:34  Probe  
  15  0:36  Gateway  
  15  0:42  Probe  
  16  0:49  Assimilator  
  17  0:52  Probe  
  18  1:02  Gateway  
  18  1:04  Probe  
  19  1:11  Pylon  
  19  1:16  Probe  
  20  1:23  Cybernetics Core  
  20  1:29  Probe  
  21  1:35  Assimilator  
  21  1:49  Probe  
  22  1:59  Stalker  
  22  2:00  Stalker  
  22  2:01  Probe  
  27  2:46  Pylon  
  27  2:47  Pylon  
  25  3:28  Pylon  
  25  3:32  Pylon  
Tags
 
Matchup
PvP
Replay Pack
Swatopluke
Spawn Locations
Cross Positions
Add a new tag
Caveats
  • Supply blocks, unpowered buildings, or Contaminate may cause inaccurate times.
  • Supply counts are checked every 10 seconds.